[Event "NJSK 2024 AmBm"]
[Site "Groningen, Netherlands"]
[Date "2024.04.29"]
[Round "3.3"]
[White "Gergin, Isafara"]
[Black "Damen, Josephine"]
[Result "1-0"]
[TimeControl "90min/40moves + 30min + 30sec/move"]
[WhiteElo "1888"]
[BlackElo "1890"]

1. e4 e5 2. Nf3 Nc6 3. d4 exd4 4. Nxd4 Bc5 5. Be3 Qf6 6. c3 Nge7 7. Bc4 Ne5 8. Be2 Qg6 9. O-O d6 10.
f3 O-O 11. Nd2 d5 12. a4 a6 13. Kh1 dxe4 14. Nxe4 Ba7 15. Bf4 Nd5 16. Bg3 Ne3 17. Qc1 Nxf1 18. Bxe5 Qh5 19. Bxc7 Bb6 20. Bf4 Nxh2 21. Bxh2 Bc7 22. f4 Qh6 23.
Qe3 Bd7 24. Nc5 Rae8 25. Qf3 Bc8 26. Rf1 Re7 27. Qh5 Qf6 28. Bd3 g6 29. Qf3 Qh4 30. Ne4 Rfe8 31. g3 Bg4 32. Qxg4 Qxg4 33.
Nf6+ Kg7 34. Nxg4 1-0

[Event "NJSK 2024 AmBm"]
[Site "Groningen, Netherlands"]
[Date "2024.04.29"]
[Round "3.4"]
[White "Basa, Manasvita"]
[Black "Knobbe, Elise"]
[Result "0-1"]
[TimeControl "90min/40moves + 30min + 30sec/move"]
[WhiteElo "1829"]
[BlackElo "1785"]

1. e4 e6 2. d4 d5 3. e5 c5 4. c3 Qb6 5. Nf3 Bd7 6. Bd3 Bb5 7. O-O Bxd3 8. Qxd3 Nd7 9. a4 Ne7 10.
Na3 a6 11. a5 Qc7 12. b4 cxb4 13. cxb4 Nc6 14. b5 Nxa5 15. Bd2 Bxa3 16. Qxa3 Nc4 17. Rfc1 Qd8 18. Qd3 O-O 19. Ng5 g6 20.
Bf4 Qe7 21. bxa6 Rxa6 22. Rxa6 bxa6 23. Rc3 f6 24. exf6 Nxf6 25. Qh3 Ne4 26. Nxe4 Rxf4 27. Ng3 Rh4 0-1

[Event "NJSK 2024 AmBm"]
[Site "Groningen, Netherlands"]
[Date "2024.04.29"]
[Round "3.5"]
[White "Luijkx, Dagmar"]
[Black "Feng, Elysia"]
[Result "0-1"]
[TimeControl "90min/40moves + 30min + 30sec/move"]
[WhiteElo "1701"]
[BlackElo "1862"]

1. e4 e5 2. Nf3 Nc6 3. d4 exd4 4. Nxd4 Bc5 5. Be3 Qf6 6. c3 Nge7 7. Bc4 O-O 8. O-O b6 9. f4 d5 10.
exd5 Nxd4 11. cxd4 Nf5 12. Bf2 Bxd4 13. Bxd4 Nxd4 14. Nc3 Nf5 15. Re1 Bb7 16. Bd3 Rad8 17. Qc2 Nd4 18. Qf2 Bxd5 19.
Re5 Bb7 20. Rae1 Ne6 21. Bf5 Nc5 22. R1e3 g6 23. Bc2 Ne6 24. Ne2 Rd2 25. Bb3 Nd4 26. h4 Ba6 27. g3 Nxe2+ 28. Rxe2 Rxe2 29.
Rxe2 Bxe2 30. Qxe2 Qd4+ 31. Kg2 c5 32. Kh3 Rd8 33. Kg4 h5+ 34. Kg5 Kg7 35. Qe7 Rd5+ 36. Bxd5 Qxd5+ 37. Qe5+ f6# 0-1

[Event "NJSK 2024 AmBm"]
[Site "Groningen, Netherlands"]
[Date "2024.04.29"]
[Round "3.6"]
[White "Kulikova, Polina"]
[Black "Liu, Chia-Yun"]
[Result "1-0"]
[TimeControl "90min/40moves + 30min + 30sec/move"]
[WhiteElo "1690"]
[BlackElo "1704"]

1. d4 d5 2. c4 e6 3. Nc3 Nf6 4.
cxd5 exd5 5. Bg5 Be7 6. e3 O-O 7. Bd3 h6 8. Bh4 c6 9. Qc2 Nbd7 10. Nge2 b5 11. O-O a5 12. Rae1 Bb7 13.
f3 Re8 14. Kh1 Rc8 15. Bf2 b4 16. Na4 c5 17. Nxc5 Nxc5 18. dxc5 Bxc5 19. Qd2 Qb6 20. Nd4 a4 21. Bb5 Red8 22.
Bxa4 Ba6 23. Rg1 Nd7 24. Bxd7 Rxd7 25. Rc1 Bc4 26. b3 Ba6 27. Rc2 Rdd8 28. Rd1 Bxd4 29. Rxc8 Rxc8 30. exd4 Rc3 31.
Rc1 Qc6 32. Rxc3 Qxc3 33. Qxc3 bxc3 34. Kg1 Kf8 35. Be3 Ke7 36. Kf2 Kd6 37. Ke1 Kc6 38. Kd1 Bd3 39. Kc1 Kb5 40. a3 h5 41.
Bf2 Bf1 42. g3 Bg2 43. f4 Be4 44. Be1 c2 45. Kb2 Bd3 46. Bd2 g6 47. a4+ Ka6 48. b4 Kb6 49. Ka3 Ka6 50. b5+ Kb6 51.
Kb4 Kb7 52. Kc5 Bc4 53. a5 Ka7 54. Kc6 Kb8 55. f5 gxf5 56. b6 Ka8 57. b7+ Ka7 58. Kc7 Ka6 59. b8=Q Bb5 60. Qb6# 1-0

[Event "NJSK 2024 AmBm"]
[Site "Groningen, Netherlands"]
[Date "2024.04.29"]
[Round "3.7"]
[White "Van Apeldoorn, Vera"]
[Black "Ganeshram, Nirupa"]
[Result "1-0"]
[TimeControl "90min/40moves + 30min + 30sec/move"]
[WhiteElo "1601"]
[BlackElo "1696"]

1. d4 Nf6 2. c4 d6 3. Nf3 Nbd7 4. Bf4 Nh5 5. Bd2 e5 6. dxe5 dxe5 7. Nc3 c6 8. e3 Nhf6 9. Bd3 Be7 10.
O-O O-O 11. Rc1 a6 12. a3 Re8 13. Ne4 Bf8 14. Bc3 g6 15. Qe2 Nh5 16. Bb1 f5 17. Ned2 e4 18. Nd4 c5 19. Nxf5 Ndf6 20.
Ng3 Bg4 21. Qe1 Nxg3 22. fxg3 Bf5 23. Bxf6 Qxf6 24. g4 Qxb2 25. gxf5 Rad8 26. Nxe4 Rxe4 27. Bxe4 Bh6 28. Bd5+ Kh8 29.
Qc3+ Qxc3 30. Rxc3 b5 31. f6 b4 32. axb4 cxb4 33. Rb3 a5 34. e4 Bf8 35. Ra1 Bc5+ 36. Kf1 Bd4 37. Rxa5 Bxf6 38.
Ra8 Rxa8 39. Bxa8 Be7 40. Rf3 h6 41. Ke2 g5 42. h3 Kg8 43. Bd5+ Kh8 44. Kd3 Bc5 45. Rf7 Bg1 46. e5 b3 47.
e6 b2 48. Kc2 Bc5 49. e7 1-0

[Event "NJSK 2024 AmBm"]
[Site "Groningen, Netherlands"]
[Date "2024.04.29"]
[Round "3.8"]
[White "Hagen, Carlijn"]
[Black "Yildirim, Azra"]
[Result "1/2-1/2"]
[TimeControl "90min/40moves + 30min + 30sec/move"]
[WhiteElo "1705"]
[BlackElo "1597"]

1. d4 Nf6 2. Nc3 e6 3. Bf4 Bb4 4. Nf3 Nd5 5. Qd2 Nc6 6. e4 Nf6 7. Bd3 d5 8. exd5 Nxd5 9. O-O Nf6 10.
a3 Ba5 11. b4 Bb6 12. Bb5 Bd7 13. d5 exd5 14. Nxd5 Be6 15. Nxb6 Qxd2 16. Bxd2 axb6 17. Ne5 O-O-O 18. Bf4 Nd4 19.
Bd3 Ne4 20. Be3 Nc3 21. Rfe1 Rd5 22. Bf4 Re8 23. Nc4 Nxc2 24. Bxc2 Rd4 25. Bxc7 Kxc7 26. Ne3 h6 27. Rac1 Na2 28.
Rcd1 Red8 29. Rxd4 Rxd4 30. h3 Nc3 31. Bf5 Rd6 32. Bxe6 fxe6 33. Kf1 b5 34. g4 Kd7 35. Rc1 Ne4 36.
f4 Rd3 37. Ke2 Rxa3 38. Rd1+ Ke7 39. Rd4 Nd6 40. h4 Rc3 41. f5 Nc4 42. Rd3 Rxd3 43. Kxd3 Nxe3 44. Kxe3 exf5 45. gxf5 Kf6 46.
Kf4 g5+ 47. fxg6 Kxg6 48. Kg4 h5+ 1/2-1/2

[Event "NJSK 2024 AmBm"]
[Site "Groningen, Netherlands"]
[Date "2024.04.29"]
[Round "3.9"]
[White "Rutten, Lenthe"]
[Black "Woldhuis, Thera"]
[Result "0-1"]
[TimeControl "90min/40moves + 30min + 30sec/move"]
[WhiteElo "1526"]
[BlackElo "1662"]

1. d4 Nf6 2. c4 d6 3. Nc3 g6 4. Bf4 Bg7 5. e4 Nc6 6. d5 Nh5 7. Be3 Ne5 8. h3 c5 9. dxc6 bxc6 10.
c5 O-O 11. f4 Nd7 12. cxd6 exd6 13. Qxd6 Rb8 14. O-O-O Bxc3 15. bxc3 Qa5 16. Rd2 Qxc3+ 17. Rc2 Qxe3+ 18. Rd2 Ng3 0-1

[Event "NJSK 2024 AmBm"]
[Site "Groningen, Netherlands"]
[Date "2024.04.30"]
[Round "4.1"]
[White "Knobbe, Elise"]
[Black "Westerhof, Fleur"]
[Result "0-1"]
[TimeControl "90min/40moves + 30min + 30sec/move"]
[WhiteElo "1785"]
[BlackElo "1916"]

1. e4 e5 2. Nc3 Nf6 3. g3 Bc5 4. Bg2 O-O 5. Nge2 Nc6 6. O-O a6 7. d3 d6 8. h3 Be6 9. Be3 Bxe3 10.
fxe3 d5 11. exd5 Nxd5 12. Nxd5 Bxd5 13. e4 Be6 14. Kh2 Nd4 15. c3 Nxe2 16. Qxe2 c5 17. b3 Qa5 18. Qb2 Rad8 19. Rad1 Rd7 20.
Rd2 Rfd8 21. Rfd1 Qb6 22. Bf1 h6 23. c4 Qd6 24. Rf2 Qd4 25. Qxd4 Rxd4 26. Rc1 Kf8 27. g4 Ke7 28. Kg3 R4d6 29.
Be2 a5 30. Rcf1 Ra8 31. a4 Raa6 32. Rf3 Ra8 33. R3f2 Rad8 34. h4 Rb6 35. Rb1 Bd7 36. Rff1 Rf6 37. Rf3 Bc8 38. Rbf1 Rdd6 39.
Rxf6 Rxf6 0-1

[Event "NJSK 2024 AmBm"]
[Site "Groningen, Netherlands"]
[Date "2024.04.30"]
[Round "4.2"]
[White "Verheij, Dana"]
[Black "Gergin, Isafara"]
[Result "1/2-1/2"]
[TimeControl "90min/40moves + 30min + 30sec/move"]
[WhiteElo "1923"]
[BlackElo "1888"]

1. e4 c6 2. d4 d5 3. exd5 cxd5 4. Nf3 Nc6 5. Ne5 a6 6. c3 Nxe5 7. dxe5 Bf5 8. Be3 e6 9. Nd2 Ne7 10.
f4 Nc6 11. Nf3 Be7 12. Bd3 Bxd3 13. Qxd3 Qc7 14. O-O Na5 15. b3 g6 16. Kh1 b5 17. Nd4 Nb7 18. Rac1 Rc8 19. Qe2 h5 20.
a4 bxa4 21. Qxa6 axb3 22. Nxb3 O-O 23. Bd4 Nc5 24. Nxc5 Bxc5 25. h3 Bxd4 26. cxd4 Qxc1 27. Rxc1 Rxc1+ 28. Kh2 Rc4 29. g4 h4 30.
Qa7 Rc2+ 31. Kg1 Rfc8 32. f5 gxf5 33. gxf5 Rb2 34. Qa1 Rb3 35. Qd1 Rg3+ 36. Kf2 Rcc3 37. fxe6 fxe6 38. Qh5 Rc2+ 39.
Kf1 Rc1+ 40. Kf2 Rc2+ 41. Kf1 1/2-1/2

[Event "NJSK 2024 AmBm"]
[Site "Groningen, Netherlands"]
[Date "2024.04.30"]
[Round "4.3"]
[White "Feng, Elysia"]
[Black "Tangarife Ramirez, Katja"]
[Result "1-0"]
[TimeControl "90min/40moves + 30min + 30sec/move"]
[WhiteElo "1862"]
[BlackElo "1742"]

1. e4 c6 2. d4 d5 3. Nc3 dxe4 4.
Nxe4 Bf5 5. Ng3 Bg6 6. Nh3 h6 7. Nf4 Bh7 8. Bc4 Nf6 9. O-O g6 10. Qf3 e6 11. Re1 Be7 12. Nxe6 fxe6 13.
Rxe6 Nbd7 14. Ne4 Nxe4 15. Rxe4 Rf8 16. Qb3 g5 17. Re2 Nb6 18. Be6 Bf5 19. Bd2 Bxe6 20. Qxe6 Qd7 21. Qg6+ Kd8 22.
Qxh6 Qd6 23. Qh5 Kc7 24. Rae1 Bf6 25. g3 Qxd4 26. Qh7+ Qd7 27. Re7 Bxe7 28. Rxe7 Rad8 29. Bxg5 Kc8 30.
Rxd7 Rxd7 31. Qh6 Rdf7 32. Qe6+ Kb8 33. f4 Nd5 34. c4 Nc7 35. Qd6 Ka8 36. Bd8 Ne8 37. Qe6 a6 38. Qc8+ Ka7 39.
c5 Nc7 40. h4 a5 41. h5 Re7 42. Kf2 Ne6 43. Bxe7 Rxc8 44. f5 Re8 45. f6 Ng5 46. g4 Kb8 47. Kg3 Nf7 48. Kf4 Rg8 49.
Kf5 Ng5 50. h6 Kc7 51. f7 Nxf7 52. g5 Kd7 53. Bf6 Nh8 54. h7 Rf8 55. g6 Nxg6 56. Kxg6 Ke6 57. h8=Q Rxh8 58. Bxh8 Kd5 59.
Bc3 Kxc5 60. Bxa5 b5 61. a3 Kd5 62. Kf5 Kc4 63. Bc3 Kd5 64. Be5 c5 65. Bc3 Kc4 66. Ke4 b4 67. axb4 cxb4 68.
Bd4 b3 69. Be3 Kb5 70. Kd4 Kb4 71. Bd2+ Kb5 72. Kc3 Ka4 73. Be1 1-0

[Event "NJSK 2024 AmBm"]
[Site "Groningen, Netherlands"]
[Date "2024.04.30"]
[Round "4.4"]
[White "Oostinga, Elisa"]
[Black "Kulikova, Polina"]
[Result "0-1"]
[TimeControl "90min/40moves + 30min + 30sec/move"]
[WhiteElo "1713"]
[BlackElo "1690"]

1. e4 c6 2. d4 d5 3. e5 c5 4.
c3 Nc6 5. Nf3 Bg4 6. Be2 e6 7. Be3 cxd4 8. Nxd4 Bxe2 9. Qxe2 Nxe5 10. O-O Nc6 11. Nd2 Nxd4 12. Bxd4 Ne7 13. Rfd1 Nc6 14.
Nf3 Qc7 15. Rac1 Nxd4 16. Nxd4 a6 17. c4 Rc8 18. b3 Ba3 19. Rc3 O-O 20. Qh5 dxc4 21. Rh3 h6 22. bxc4 Be7 23. g4 Bg5 24.
Rg3 g6 25. Qh3 Qxc4 26. Nf3 Qf4 27. Rd4 Qc1+ 28. Qf1 Qxf1+ 29. Kxf1 Bf6 30. Rb4 b5 31. g5 Bxg5 32. Nxg5 hxg5 33. Rxg5 Rc1+ 34. Kg2 Rfc8 35.
h4 R8c5 36. Rgg4 R1c4 37. Kf3 Kh7 38. Rgxc4 bxc4 39. Ke4 c3 40. Rb1 c2 41. Rc1 f6 42. Kd3 Kh6 43. Rxc2 Rxc2 44. Kxc2 g5 45.
hxg5+ Kxg5 46. Kd3 Kf4 47. Ke2 e5 48. f3 a5 49. Kf2 a4 50. a3 e4 51. fxe4 Kxe4 0-1

[Event "NJSK 2024 AmBm"]
[Site "Groningen, Netherlands"]
[Date "2024.04.30"]
[Round "4.5"]
[White "Damen, Josephine"]
[Black "Van Apeldoorn, Vera"]
[Result "1-0"]
[TimeControl "90min/40moves + 30min + 30sec/move"]
[WhiteElo "1890"]
[BlackElo "1601"]

1. e4 e5 2. Nf3 Nc6 3. Bc4 Nf6 4. d4 exd4 5. e5 d5 6. Bb5 Ne4 7. Nxd4 Bd7 8. Bxc6 Bxc6 9. Be3 Be7 10.
O-O O-O 11. f3 Ng5 12. f4 Ne4 13. Nd2 Nxd2 14. Qxd2 Re8 15. Rf3 Bc5 16. Rg3 Bd7 17. Nf3 Bxe3+ 18. Qxe3 Bf5 19. c3 Qe7 20.
Qd4 Qe6 21. Qd2 Qd7 22. Rd1 Rad8 23. Qd4 a6 24. Rxg7+ Kf8 25. Ng5 Bg6 26. e6 Qd6 27. Nxh7+ Bxh7 28. Rxf7+ Kg8 29. Qg7# 1-0

[Event "NJSK 2024 AmBm"]
[Site "Groningen, Netherlands"]
[Date "2024.04.30"]
[Round "4.6"]
[White "Ganeshram, Nirupa"]
[Black "Basa, Manasvita"]
[Result "0-1"]
[TimeControl "90min/40moves + 30min + 30sec/move"]
[WhiteElo "1696"]
[BlackElo "1829"]

1. e4 e5 2. Nf3 Nc6 3. Bc4 Bc5 4.
b4 Bxb4 5. c3 Ba5 6. d4 exd4 7. O-O Nf6 8. Qb3 O-O 9. Re1 h6 10. Ba3 d6 11. e5 Ng4 12. e6 fxe6 13. Bxe6+ Kh8 14.
h3 Nge5 15. Nxe5 Nxe5 16. Bxc8 Qxc8 17. Rf1 d3 18. Bb2 Bb6 19. c4 Qf5 20. Nd2 Bxf2+ 21. Kh1 Qf4 22. Bxe5 dxe5 23. Nf3 Qe3 24.
Qxb7 Rae8 25. Rad1 e4 26. Nh2 Bg3 27. Qc6 Kh7 28. Qd7 Qg5 29. Qd4 Qe5 30. Rxf8 Rxf8 31. Qxe5 Bxe5 32. Ng4 Bg3 33.
Kg1 h5 34. Nh2 Bxh2+ 35. Kxh2 Rf2 36. Kg3 Rxa2 37. Kf4 Re2 38. g4 d2 39. g5 e3 40. Rb1 Re1 0-1

[Event "NJSK 2024 AmBm"]
[Site "Groningen, Netherlands"]
[Date "2024.04.30"]
[Round "4.7"]
[White "Liu, Chia-Yun"]
[Black "Luijkx, Dagmar"]
[Result "0-1"]
[TimeControl "90min/40moves + 30min + 30sec/move"]
[WhiteElo "1704"]
[BlackElo "1701"]

1. e4 e6 2. d4 d5 3. exd5 exd5 4. Bd3 Bd6 5. Qf3 Nc6 6. Qxd5 Bb4+ 7. c3 Qxd5 8. Nf3 Bg4 9. Nbd2 O-O-O 10. cxb4 Re8+ 11. Be4 Bxf3 12. gxf3 Nxd4 13. Kd1 Qb5 14. Re1 Nf6 15. b3 Nxe4 16. Nxe4 Qd3+ 17. Bd2 Qc2# 0-1

[Event "NJSK 2024 AmBm"]
[Site "Groningen, Netherlands"]
[Date "2024.04.30"]
[Round "4.8"]
[White "Woldhuis, Thera"]
[Black "Hagen, Carlijn"]
[Result "0-1"]
[TimeControl "90min/40moves + 30min + 30sec/move"]
[WhiteElo "1662"]
[BlackElo "1705"]

1. e4 e5 2. Nf3 Nc6 3. Bc4 f5 4.
d3 Bc5 5. Ng5 f4 6. Nf7 Qh4 7. g3 Qh3 8. gxf4 d5 9. Bxd5 Nd4 10. Be3 Bg4 11. Bxd4 Bxd1 12. Bxc5 Qf3 13. Kd2 Qe2+ 14.
Kc3 Qxc2+ 15. Kb4 a5+ 16. Kb5 Qa4# 0-1

[Event "NJSK 2024 AmBm"]
[Site "Groningen, Netherlands"]
[Date "2024.04.30"]
[Round "4.9"]
[White "Yildirim, Azra"]
[Black "Rutten, Lenthe"]
[Result "1-0"]
[TimeControl "90min/40moves + 30min + 30sec/move"]
[WhiteElo "1597"]
[BlackElo "1526"]

1. e4 c5 2. Nf3 d6 3. d4 cxd4 4. Nxd4 Nf6 5. Nc3 g6 6. Bc4 Bg7 7. f3 O-O 8. Bg5 Nc6 9. Be3 e6 10.
Qd2 d5 11. exd5 exd5 12. Bb5 Nxd4 13. Bxd4 Qe7+ 14. Ne2 a6 15. Bd3 Re8 16. O-O-O Bf5 17. Rhe1 Bxd3 18. Qxd3 Kh8 19. Nf4 Qxe1 20.
Rxe1 Rxe1+ 21. Kd2 Rae8 22. Qc3 Bh6 23. Bxf6+ Kg8 24. Qd4 R8e2+ 25. Kc3 Re3+ 26. Nd3 Bf8 27. Qxd5 R1e2 28. Bd4 Re7 29.
Qd8 Rxg2 30. Bc5 Rge2 31. Bxe7 Rxe7 32. Kd2 f5 33. Qd5+ Kg7 34. Nc5 b6 35. Ne6+ Kf6 36. Nxf8 1-0

[Event "NJSK 2024 AmBm"]
[Site "Groningen, Netherlands"]
[Date "2024.05.01"]
[Round "5.1"]
[White "Westerhof, Fleur"]
[Black "Verheij, Dana"]
[Result "0-1"]
[TimeControl "90min/40moves + 30min + 30sec/move"]
[WhiteElo "1916"]
[BlackElo "1923"]

1. e4 c5 2. Nf3 d6 3. d4 cxd4 4. Nxd4 Nf6 5. Nc3 Nc6 6. Bg5 e6 7. Qd2 a6 8. O-O-O Bd7 9. f4 h6 10.
Bxf6 Qxf6 11. Nf3 Qd8 12. e5 d5 13. Nd4 Be7 14. Kb1 b5 15. g4 b4 16. Nce2 Qc7 17. Nxc6 Bxc6 18. Nd4 Bd7 19.
Bh3 a5 20. Rhe1 a4 21. f5 b3 22. fxe6 fxe6 23. Rf1 bxa2+ 24. Kxa2 a3 25. b3 Bc5 26. Qe2 Bxd4 27. Rxd4 Qc3 0-1

[Event "NJSK 2024 AmBm"]
[Site "Groningen, Netherlands"]
[Date "2024.05.01"]
[Round "5.2"]
[White "Gergin, Isafara"]
[Black "Feng, Elysia"]
[Result "1-0"]
[TimeControl "90min/40moves + 30min + 30sec/move"]
[WhiteElo "1888"]
[BlackElo "1862"]

1. e4 e5 2. Nf3 Nc6 3. d4 exd4 4. Nxd4 Bc5 5. Be3 Qf6 6. c3 Nge7 7. Bc4 O-O 8. O-O b6 9. Qd2 Qg6 10.
Nxc6 Qxc6 11. Bxc5 Qxc5 12. Na3 Ng6 13. b4 Qe7 14. Nb5 Ba6 15. Rfe1 Rad8 16. a4 Ne5 17. Bf1 d6 18. f4 Bxb5 19.
axb5 Ng6 20. Rxa7 Ra8 21. Ra6 Qh4 22. g3 Qg4 23. Bg2 Rac8 24. Qd3 Qd7 25. Rd1 f6 26. c4 Rb8 27. Ra7 Rfd8 28. Qd5+ Kf8 29. Qc6 Qxc6 30.
bxc6 b5 31. Rxc7 bxc4 32. Rb7 Rxb7 33. cxb7 Ke7 34. Rc1 Rb8 35. e5 fxe5 36. Rxc4 Kd8 37. b5 exf4 38. gxf4 Nf8 39. Ra4 Nd7 40.
Ra6 Kc7 41. Ra8 Nb6 42. Bc6 g6 43. Kf2 Rxb7 44. Bxb7 Kxb7 45. Rh8 Nd5 46. Rxh7+ Kb6 47. Kf3 Kxb5 48. Rg7 1-0

[Event "NJSK 2024 AmBm"]
[Site "Groningen, Netherlands"]
[Date "2024.05.01"]
[Round "5.3"]
[White "Kulikova, Polina"]
[Black "Knobbe, Elise"]
[Result "1/2-1/2"]
[TimeControl "90min/40moves + 30min + 30sec/move"]
[WhiteElo "1690"]
[BlackElo "1785"]

1. d4 f5 2. Bg5 Nf6 3. Bxf6 exf6 4. e3 d5 5. c4 c6 6. cxd5 Qxd5 7. Nc3 Bb4 8. Nge2 Qd6 9. Nf4 Be6 10.
Qh5+ g6 11. Qd1 Bf7 12. a3 Ba5 13. Qa4 Bc7 14. Bc4 O-O 15. Bxf7+ Rxf7 16. Qb3 Nd7 17. g3 Nb6 18. O-O Re8 19.
Rac1 Kg7 20. Rfd1 Qe7 21. Nfe2 Rd8 22. Na4 Nxa4 23. Qxa4 Bb6 24. Qc4 Bc7 25. b4 a5 26. Nc3 axb4 27.
axb4 Bd6 28. b5 Qd7 29. bxc6 Qxc6 30. Qxc6 bxc6 31. Na4 Rc7 32. Nc5 Bxc5 33. Rxc5 Rd5 34. Rdc1 Rxc5 35. Rxc5 Kf7 36.
d5 Ke7 37. dxc6 Kd6 38. Ra5 Rxc6 39. Ra8 Rc7 40. Kg2 Ke6 41. Kf3 Kf7 42. h3 h5 43. Ra4 g5 44. h4 Rc6 45. Ra7+ Kg6 46.
Ra4 Rb6 47. hxg5 fxg5 48. e4 Rb3+ 49. Kg2 fxe4 50. Rxe4 Kf5 51. Ra4 Rb2 1/2-1/2

[Event "NJSK 2024 AmBm"]
[Site "Groningen, Netherlands"]
[Date "2024.05.01"]
[Round "5.4"]
[White "Tangarife Ramirez, Katja"]
[Black "Oostinga, Elisa"]
[Result "1-0"]
[TimeControl "90min/40moves + 30min + 30sec/move"]
[WhiteElo "1742"]
[BlackElo "1713"]

1. d4 d5 2. Nf3 c6 3. e3 Nf6 4. b3 Bf5 5. Bb2 e6 6. Nbd2 Nbd7 7. Be2 Be7 8. O-O O-O 9. Nh4 Bg6 10.
Nxg6 hxg6 11. c4 Re8 12. a4 Bb4 13. Ba3 Bxa3 14. Rxa3 Qe7 15. Ra1 b6 16. a5 e5 17. dxe5 Nxe5 18.
Qc2 Rad8 19. axb6 axb6 20. Ra6 d4 21. exd4 Rxd4 22. Nf3 Rd6 23. Nxe5 Qxe5 24. Bf3 c5 25. g3 g5 26. h3 Red8 27.
Qb1 Qe6 28. Kg2 g4 29. hxg4 Nxg4 30. Bd5 Qe2 31. Ra7 Ne3+ 32. Kg1 Nxf1 33. Qxf1 Qxf1+ 34. Kxf1 R6d7 35. Ra1 Kf8 36. Re1 Re7 37.
Ra1 g6 38. Kg2 Rdd7 39. Ra6 Rd6 40. Kf3 Re1 41. Kg4 Rb1 42. Ra3 Rf6 43. f4 Rd6 44. Kg5 Kg7 45. Ra7 Rf6 46. Ra3 Rg1 47.
Kg4 Re1 48. Ra2 Re7 49. Rb2 Rd6 50. b4 Rc7 51. b5 Rdd7 52. Rd2 Ra7 53. Rd3 Re7 54. Rf3 Ra2 55. f5 f6 56. fxg6 Kxg6 57.
Kf4 Rd2 58. g4 Rd4+ 59. Kg3 Re5 60. Rf4 Rxf4 61. Kxf4 Re1 62. Be4+ Kf7 63. Bd5+ Ke7 64. Kf5 Re5+ 65. Kf4 Kd6 66.
Bf7 Rg5 67. Be8 Re5 68. Bf7 Re1 69. Kf5 Rf1+ 70. Ke4 Ke7 71. Bg8 Kf8 72. Be6 Kg7 73. Kd5 Re1 74. Bf5 Kh6 75. Kc6 Rc1 76.
Kxb6 Rxc4 77. Kc6 Rxg4 78. Bxg4 c4 79. b6 c3 80. Bd1 f5 81. b7 1-0

[Event "NJSK 2024 AmBm"]
[Site "Groningen, Netherlands"]
[Date "2024.05.01"]
[Round "5.5"]
[White "Basa, Manasvita"]
[Black "Damen, Josephine"]
[Result "0-1"]
[TimeControl "90min/40moves + 30min + 30sec/move"]
[WhiteElo "1829"]
[BlackElo "1890"]

1. e4 e5 2. Nc3 Nf6 3. f4 d5 4. fxe5 Nxe4 5. Qf3 Nxc3 6. bxc3 Qh4+ 7. g3 Qe4+ 8. Qxe4 dxe4 9. Bg2 Nc6 10.
Bxe4 Nxe5 11. d4 Ng6 12. Ne2 Rb8 13. h4 Bd6 14. Be3 Bg4 15. h5 Ne7 16. Nf4 Nf5 17. Bf2 Kd8 18. Kf1 Re8 19.
Bd3 Ne3+ 20. Kg1 Bxf4 21. gxf4 Nd5 22. Rh4 f5 23. h6 g6 24. Rxg4 fxg4 25. Bh4+ Kd7 26. f5 Nf4 27. Bb5+ c6 28.
Bc4 gxf5 29. Rf1 Nh3+ 30. Kg2 f4 31. Bd3 Kc7 32. Bf6 Kb6 33. Bxh7 Re2+ 34. Kh1 g3 35. Rb1+ Ka5 36. Bd3 Rh2# 0-1

[Event "NJSK 2024 AmBm"]
[Site "Groningen, Netherlands"]
[Date "2024.05.01"]
[Round "5.6"]
[White "Luijkx, Dagmar"]
[Black "Yildirim, Azra"]
[Result "0-1"]
[TimeControl "90min/40moves + 30min + 30sec/move"]
[WhiteElo "1701"]
[BlackElo "1597"]

1. e4 e5 2. Nc3 Nf6 3. f4 d5 4. fxe5 Nxe4 5. Qf3 Nxc3 6. bxc3 d4 7. Bc4 f5 8. exf6 Qxf6 9. Qxf6 gxf6 10.
cxd4 Nc6 11. Bb2 Bf5 12. O-O-O O-O-O 13. Nf3 Bg4 14. c3 Na5 15. Be2 Bh6 16. h3 Be6 17. Ba3 Bxa2 18. Bd3 Rd5 19.
Bb4 Bc4 20. Be4 Rb5 21. Kb2 b6 22. Ka3 c5 23. dxc5 bxc5 24. Bxc5 Rxc5 25. Kb4 Bf8 26. d3 Rd5+ 27. Ka4 Bb3# 0-1

[Event "NJSK 2024 AmBm"]
[Site "Groningen, Netherlands"]
[Date "2024.05.01"]
[Round "5.7"]
[White "Hagen, Carlijn"]
[Black "Ganeshram, Nirupa"]
[Result "0-1"]
[TimeControl "90min/40moves + 30min + 30sec/move"]
[WhiteElo "1705"]
[BlackElo "1696"]

1. d4 Nf6 2. Bf4 d6 3. e3 Nbd7 4. Nf3 Nh5 5. Bg3 g6 6. Be2 Bg7 7. c3 O-O 8. Nbd2 Nhf6 9. Qb3 a5 10.
a4 c6 11. Nc4 Nd5 12. Bd3 Re8 13. O-O N5b6 14. e4 c5 15. d5 Nxc4 16. Bxc4 Nb6 17. Bb5 Bd7 18. Bxd7 Nxd7 19. Rad1 Ra6 20.
Nd2 Qb6 21. Qc2 Ne5 22. Bxe5 dxe5 23. Nc4 Qc7 24. Qd2 Qd7 25. f4 Qxa4 26. Qd3 exf4 27. Rxf4 Rf6 28. Rxf6 Bxf6 29. e5 Bg5 30.
Qf1 b5 31. Nb6 Qb3 32. Rb1 c4 33. Nd7 b4 34. cxb4 axb4 35. Kh1 c3 36. bxc3 Qxc3 37. Qb5 Rc8 38. Qf1 b3 39. Nb6 Rd8 40.
e6 f6 41. Na4 Qd4 42. Nb2 Rxd5 43. Rd1 Qe5 44. Rxd5 Qxd5 45. Qe2 Qe5 0-1

[Event "NJSK 2024 AmBm"]
[Site "Groningen, Netherlands"]
[Date "2024.05.01"]
[Round "5.8"]
[White "Van Apeldoorn, Vera"]
[Black "Woldhuis, Thera"]
[Result "0-1"]
[TimeControl "90min/40moves + 30min + 30sec/move"]
[WhiteElo "1601"]
[BlackElo "1662"]

1. d4 Nf6 2. c4 c5 3. d5 e6 4. Nc3 exd5 5. cxd5 d6 6. e4 Nbd7 7. Nf3 g6 8. Be2 Bg7 9. O-O O-O 10.
a3 a6 11. a4 Re8 12. Bd3 c4 13. Bc2 Nc5 14. Re1 Bd7 15. e5 Ng4 16. exd6 Rxe1+ 17. Qxe1 Nb3 18. Bxb3 cxb3 19. Ra3 Qb6 20.
h3 Re8 21. Qf1 Ne5 22. Nxe5 Bxe5 23. Bh6 Qxd6 24. Qc1 Rc8 25. Rxb3 b5 26. axb5 axb5 27. Qd2 b4 28. Na2 Ra8 29. Nc1 Ra1 30. Rxb4 Rxc1+ 31. Qxc1 Qxb4 32. Qa1 Bg7 33.
Bxg7 Kxg7 34. b3+ Kg8 35. Qa8+ Qf8 36. Qxf8+ Kxf8 37. f4 f5 38. Kf2 Ke7 39. Ke3 Kd6 40. Kd4 h5 41. h4 Bb5 42.
g3 Bf1 43. b4 Bb5 44. Ke3 Kxd5 45. Kf3 Kd4 46. Kf2 Ke4 47. Kg2 Ke3 48. Kh2 Kd4 49. Kg1 Kc4 50. Kf2 Kxb4 51. Ke3 Kc4 52.
Kf2 Kd4 53. Kf3 Bf1 54. Kf2 Bh3 55. Kf3 Bg4+ 56. Kf2 Ke4 57. Kg2 Ke3 58. Kh2 Kf2 59. Kh1 Kxg3 60. Kg1 Kxh4 61. Kh2 Bd1 62. Kg2 Kg4 63. Kh2 Kxf4 64.
Kh3 g5 65. Kg2 g4 66. Kh2 h4 67. Kg2 Ke3 68. Kh2 f4 69. Kg2 f3+ 70. Kg1 f2+ 71. Kg2 h3+ 72. Kh2 f1=Q 73. Kg3 Qf2 0-1

[Event "NJSK 2024 AmBm"]
[Site "Groningen, Netherlands"]
[Date "2024.05.01"]
[Round "5.9"]
[White "Rutten, Lenthe"]
[Black "Liu, Chia-Yun"]
[Result "0-1"]
[TimeControl "90min/40moves + 30min + 30sec/move"]
[WhiteElo "1526"]
[BlackElo "1704"]

1. d4 d5 2. c4 e6 3. Nc3 Nf6 4. Bg5 Be7 5. cxd5 exd5 6. Nf3 O-O 7. e3 h6 8. Bxf6 Bxf6 9. Bd3 b6 10.
O-O c5 11. e4 cxd4 12. Nxd5 Bg4 13. Rc1 Nd7 14. h3 Bh5 15. Be2 Bxf3 16. Nxf6+ Qxf6 17. Bxf3 Ne5 18. Be2 Rad8 19. f4 d3 20.
Bh5 Nc6 21. e5 Qe6 22. Bg4 Qd5 23. Rc3 Qd4+ 24. Kh1 Nb4 25. Rf3 d2 26. e6 fxe6 27. Bxe6+ Kh8 28. a3 Qe4 29. Rce3 Qc2 30.
Bb3 Qxd1+ 31. Bxd1 Nd5 32. Rd3 Nf6 33. Rf2 Rxd3 0-1

[Event "NJSK 2024 AmBm"]
[Site "Groningen, Netherlands"]
[Date "2024.06.02"]
[Round "6.1"]
[White "Gergin, Isafara"]
[Black "Westerhof, Fleur"]
[Result "0-1"]
[TimeControl "90min/40moves + 30min + 30sec/move"]
[WhiteElo "1888"]
[BlackElo "1916"]

1. e4 e5 2. Nf3 Nc6 3. d4 exd4 4.
Nxd4 Qf6 5. Be3 Bc5 6. c3 Nge7 7. Bc4 O-O 8. O-O Bb6 9. Qd2 d6 10. f3 Rd8 11. Kh1 h6 12. Na3 Nxd4 13.
cxd4 Be6 14. Rad1 Bxc4 15. Nxc4 d5 16. e5 Qg6 17. Nxb6 axb6 18. Qc3 c6 19. Qb3 b5 20. a3 Nf5 21.
Qd3 Ra4 22. g4 Nxe3 23. Qxe3 Rda8 24. Qd2 Rc4 25. Rf2 Raa4 26. Qe3 Rc2 27. Rfd2 Rac4 28. h3 Rxd2 29. Rxd2 Rc1+ 30. Kg2 Qb1 31.
Qf2 Qa2 32. Rc2 Ra1 33. Kg3 Qb1 34. Qg2 Qe1+ 35. Kh2 Qe3 36.
Qf2 Qxf2+ 37. Rxf2 Rd1 38. Re2 Rxd4 39. Kg3 Kf8 40. f4 Ke7 41. f5 b4 42. axb4 Rxb4 43. h4 b6 44. g5 hxg5 45.
hxg5 c5 46. f6+ gxf6 47. exf6+ Kf8 48. Rd2 Rd4 49. Rh2 Kg8 50. Kf3 b5 51. Rc2 c4 52. Re2 Kh7 53. Re7 Kg6 54. Rb7 b4 55.
Rxb4 Kxg5 56. Ke2 Kxf6 57. b3 Re4+ 58. Kd2 cxb3 59. Rxb3 Ke5 60. Rb7 f5 61. Rf7 Rg4 62. Ke3 d4+ 63. Ke2 Rg3 64. Re7+ Kf4 65. Rd7 Re3+ 66. Kf2 Ke4 67. Rf7 f4 68.
Rf8 d3 69. Re8+ Kd4 70. Rd8+ Kc3 71. Rc8+ Kd2 72. Rf8 Re4 73. Rd8 Rc4 74. Rd7 Kc2 75. Ke1 f3 76. Rd6 Rc3 77. Rd5 Kc1 78.
Rd7 d2 79. Rxd2 Re3 0-1